 Dungeon Crawl Stone Soup version 0.18.1-48-g4cf74bf (webtiles) character file.

9074 RickumRackum the Basher (level 11, -7/139 HPs)
             Began as an Ogre Berserker on Aug 24, 2016.
             Was an Elder of Trog.
             Mangled by a komodo dragon (32 damage)
             ... on level 2 of the Lair of Beasts.
             The game lasted 01:09:20 (9983 turns).

RickumRackum the Basher (Ogre Berserker)            Turns: 9983, Time: 01:09:21

Health: -7/139     AC:  7    Str: 24    XL:     11   Next: 40%
Magic:  11/11      EV: 12    Int:  6    God:    Trog [****..]
Gold:   613        SH:  0    Dex: 10    Spells: 0 memorised, 10 levels left

rFire  x . .     SeeInvis .     i - +5 great mace (crush)
rCold  + . .     Gourm    .     J - +1 robe {rN+}
rNeg   + . .     Faith    .     (shield currently unavailable)
rPois  .         Spirit   .     (helmet restricted)
rElec  +         Dismiss  .     s - +2 cloak
rCorr  .         Reflect  .     (gloves unavailable)
SustAt +         Harm     .     (boots unavailable)
MR     +++..     Clarity  +     (no amulet)
Stlth  +......... Rnd*Tele +    f - ring of sustain attributes
                                w - ring of ice

@: regenerating, extremely resistant to hostile enchantments, very unstealthy
A: unfitting armour, blurry vision 1, clarity, robust 1, electricity resistance,
teleportitis 1, tough skin 1, weak 1, no device heal 1
a: Berserk, Trog's Hand, Brothers in Arms, Burn Spellbooks, Renounce Religion


You were on level 2 of the Lair of Beasts.
You worshipped Trog.
Trog was greatly pleased with you.
You were not hungry.

You visited 2 branches of the dungeon, and saw 12 of its levels.

You collected 613 gold pieces.

Inventory:

Hand Weapons
 i - a +5 great mace of crushing (weapon)
 A - a +3 flail of holy wrath
Missiles
 g - 368 stones
 l - 6 silver javelins
 E - 7 javelins of penetration (quivered)
 G - 4 tomahawks
Armour
 s - a +2 cloak (worn)
 B - a +0 shield
 J - a +1 robe of positive energy (worn)
Jewellery
 f - a ring of sustain attributes (right hand)
 w - a ring of ice (left hand)
Scrolls
 b - a scroll of fear
 e - 3 scrolls of remove curse
 k - 2 scrolls of magic mapping
 n - 3 scrolls of recharging
 v - 2 scrolls of identify
 x - 2 scrolls of teleportation
 y - a scroll of vulnerability {unknown}
Potions
 j - 2 potions of might
 q - 2 potions of haste {unknown}
 r - 2 potions of curing
 t - a potion of berserk rage {unknown}
 u - a potion of lignification
 C - a potion of cure mutation {unknown}
 D - 2 potions of mutation {unknown}
 F - a potion of flight {unknown}
Miscellaneous
 a - a plain deck of defence {drawn: 1}
 p - a disc of storms
 I - a plain deck of changes
Comestibles
 c - 2 bread rations
 d - 2 meat rations
 h - 2 slices of pizza
 m - 5 beef jerkies
 o - 10 royal jellies
 z - a chunk of flesh
 H - 13 fruits


   Skills:
 * Level 13.2 Fighting
 * Level 13.5 Maces & Flails
 + Level 6.8 Throwing
 + Level 7.1 Dodging


You had 10 spell levels left.
You didn't know any spells.

Dungeon Overview and Level Annotations

Branches:
Dungeon (10/15)            Temple (0/1) D:5            Lair (2/8) D:10
    Orc (0/2) D:9

Altars:
Ashenzari
Elyvilon
Gozag
Makhleb
Trog
Yredelemnul
Zin
The Shining One

Shops:
D:9 }


Innate Abilities, Weirdness & Mutations

You are too large for most types of armour.
You have tough skin (AC +1).
Scrolls take you a little longer to read.
You possess an exceptional clarity of mind.
You are robust (+10% HP).
You are resistant to electric shocks.
You are occasionally teleported next to monsters.
You are weak. (Str -2)
Potions and wands are less effective at restoring your health.


Message History

h - 2 slices of pizza (gained 1)
A komodo dragon comes into view.
The komodo dragon hisses angrily.
The komodo dragon bites you.
You closely miss the komodo dragon. The komodo dragon closely misses you.
You thump the komodo dragon!
The komodo dragon is moderately wounded.
The komodo dragon bites you!!
* * * LOW HITPOINT WARNING * * *
Your skin crawls.
You feel resistant to hostile enchantments.
You feel slightly more hungry. The komodo dragon bites you.
* * * LOW HITPOINT WARNING * * *
You sock the komodo dragon!
The komodo dragon is severely wounded.
The komodo dragon bites you!!
* * * LOW HITPOINT WARNING * * *
Drink which item? (? for menu, Esc to quit)
You feel much better. The komodo dragon bites you!!
You die...

..#....# #......#
.......# #####
.......### #.P.## .
........P# ###....###..
.........####......PP..#
...........#...........#
.......##..#..........#
......###.......@l...P#
.....## ###............#
#####. ###.#..##.##.. ##
#.#..## # ######


You could see a komodo dragon.

Vanquished Creatures
  Snorg (D:10)
  The ghost of Iskender the Covert, a novice OpWn of Gozag (D:9)
  An unseen horror (D:10)
  A hill giant (D:10)
  Psyche (D:10)
  A rime drake (Lair:1)
  A troll (D:10)
  Prince Ribbit (D:9)
  Sigmund (D:2)
  A basilisk (Lair:2)
  3 yaks (D:9)
  A hungry ghost (D:9)
  Menkaure (D:7)
  2 soldier ants (D:10)
  3 water moccasins
  2 orc warriors
  5 sky beasts
  A black bear (D:9)
  2 ice beasts (D:8)
  2 phantoms
  3 wasps
  5 centaurs
  2 big kobolds
  A crocodile (Lair:1)
  8 giant frogs
  2 gnoll sergeants (D:8)
  A wyvern skeleton (D:8)
  A scorpion (D:9)
  An electric eel (Lair:1)
  2 howler monkeys
  3 crimson imps
  A centaur zombie (D:6)
  A quasit (D:8)
  A wasp zombie (D:9)
  3 hounds (D:7)
  6 orc wizards
  4 orc priests
  A giant frog skeleton (D:7)
  Ijyb (D:2)
  4 iguanas
  4 worker ants
  A hound zombie (D:5)
  A hound skeleton (D:5)
  A worker ant zombie (D:7)
  13 adders
  15 gnolls
  12 river rats (Lair:1)
  4 shadow imps
  An adder skeleton (D:5)
  A worm (D:4)
  5 giant geckos
  20 orcs
  5 giant cockroaches
  2 goblins (D:1)
  3 hobgoblins
  14 jackals
  16 kobolds
  5 quokkas
  3 ball pythons
  4 bats
  A giant gecko skeleton (D:6)
  9 giant newts
  A jackal skeleton (D:5)
  3 rats
227 creatures vanquished.

Notes
Turn   | Place    | Note
--------------------------------------------------------------
     0 | D:1      | RickumRackum the Ogre Berserker began the quest for the Orb.
     0 | D:1      | Reached XP level 1. HP: 24/24 MP: 1/1
   302 | D:1      | Reached XP level 2. HP: 32/32 MP: 2/2
   873 | D:1      | Reached skill level 1 in Throwing
   993 | D:2      | Found a shattered altar of Ashenzari.
  1018 | D:2      | Reached XP level 3. HP: 40/40 MP: 3/3
  1076 | D:2      | Reached ** piety under Trog
  1085 | D:2      | Noticed Ijyb
  1097 | D:2      | Killed Ijyb
  1097 | D:2      | Reached skill level 5 in Maces & Flails
  1097 | D:2      | Reached XP level 4. HP: 48/49 MP: 4/4
  1135 | D:2      | Noticed Sigmund
  1147 | D:2      | Killed Sigmund
  1147 | D:2      | Reached skill level 5 in Fighting
  1147 | D:2      | Reached XP level 5. HP: 57/57 MP: 5/5
  1381 | D:2      | Reached XP level 6. HP: 62/66 MP: 6/6
  2780 | D:4      | Noticed a phantom
  2805 | D:4      | Killed a phantom
  2805 | D:4      | Reached XP level 7. HP: 47/76 MP: 7/7
  3123 | D:5      | Entered Level 5 of the Dungeon
  3372 | D:5      | Found a staircase to the Ecumenical Temple.
  3689 | D:6      | Reached *** piety under Trog
  3950 | D:6      | Found a glowing golden altar of the Shining One.
  3950 | D:6      | Found a glowing silver altar of Zin.
  3951 | D:6      | Found an opulent altar of Gozag.
  4480 | D:7      | Reached XP level 8. HP: 65/88 MP: 8/8
  4578 | D:7      | Found a bloodstained altar of Trog.
  4593 | D:7      | Got a fine dagger
  4606 | D:7      | Identified the +7 dagger "Merhotoq" {venom, MP+9} (You found it on level 7 of the Dungeon)
  4630 | D:7      | Noticed Menkaure
  4633 | D:7      | Killed Menkaure
  5387 | D:8      | Reached XP level 9. HP: 79/98 MP: 9/9
  5396 | D:8      | Reached skill level 5 in Dodging
  5650 | D:8      | Reached skill level 10 in Maces & Flails
  5953 | D:8      | Reached **** piety under Trog
  6056 | D:8      | Reached skill level 10 in Fighting
  6152 | D:8      | Found a basalt altar of Yredelemnul.
  6412 | D:8      | Gained mutation: You are partially covered in rough black scales (AC +4, Dex -1). [mutagenic meat]
  6413 | D:8      | Lost mutation: You are partially covered in rough black scales (AC +4, Dex -1). [mutagenic meat]
  6414 | D:8      | Gained mutation: You are frail (-10% HP). [mutagenic meat]
  6415 | D:8      | Lost mutation: You are frail (-10% HP). [mutagenic meat]
  6688 | D:8      | Found a white marble altar of Elyvilon.
  6769 | D:9      | Reached skill level 5 in Throwing
  6788 | D:9      | Found a burning altar of Makhleb.
  6836 | D:9      | Noticed Iskender's ghost (novice OpWn)
  6846 | D:9      | Received a gift from Trog
  6858 | D:9      | Reached XP level 10. HP: 54/113 MP: 10/10
  6883 | D:9      | Killed Iskender's ghost
  7224 | D:9      | Found a staircase to the Orcish Mines.
  7319 | D:9      | Found Qoony's Gadget Emporium.
  7321 | D:9      | Noticed Prince Ribbit
  7336 | D:9      | Killed Prince Ribbit
  7673 | D:10     | Entered Level 10 of the Dungeon
  7706 | D:10     | Killed an unseen horror
  7715 | D:10     | Gained mutation: You are weak. (Str -2) [mutagenic meat]
  7716 | D:10     | Gained mutation: You are agile. (Dex +2) [mutagenic meat]
  7717 | D:10     | Gained mutation: You possess an exceptional clarity of mind. [mutagenic meat]
  7718 | D:10     | Gained mutation: You are robust (+10% HP). [mutagenic meat]
  7719 | D:10     | Gained mutation: Potions and wands are less effective at restoring your health. [mutagenic meat]
  7720 | D:10     | Gained mutation: Scrolls take you a little longer to read. [mutagenic meat]
  8023 | D:10     | Found a staircase to the Lair.
  8023 | D:10     | Noticed Snorg
  8031 | D:10     | Killed Snorg
  8247 | D:10     | Reached XP level 11. HP: 136/136 MP: 11/11
  8251 | D:10     | Lost mutation: You are robust (+10% HP). [mutagenic meat]
  8253 | D:10     | Gained mutation: You are robust (+10% HP). [mutagenic meat]
  8254 | D:10     | Gained mutation: You are occasionally teleported next to monsters. [mutagenic meat]
  8255 | D:10     | Gained mutation: You are resistant to electric shocks. [mutagenic meat]
  8446 | D:10     | Noticed a hill giant
  8454 | D:10     | Killed a hill giant
  8454 | D:10     | Received a gift from Trog
  8828 | D:10     | Noticed Psyche
  8835 | D:10     | Killed Psyche
  9129 | D:10     | Lost mutation: You are agile. (Dex +2) [mutagenic meat]
  9192 | Lair:1   | Entered Level 1 of the Lair of Beasts
  9983 | Lair:2   | Mangled by a komodo dragon

Skill      XL: |  1  2  3  4  5  6  7  8  9 10 11 |
---------------+----------------------------------+-----
Throwing       | 1 2 3 4 5 6 |  6.8
Dodging        | 3 4 5 6 7 |  7.1
Maces & Flails | 5 6 7 9 11 12 13 | 13.5
Fighting       | 5 6 7 9 11 12 13 | 13.2

Action                   |  1- 3 |  4- 6 |  7- 9 | 10-12 || total
-------------------------+-------+-------+-------+-------++-------
Melee: Mace              |    58 |    38 |       |       ||    96
       Great mace        |       |    40 |   240 |   200 ||   480
Throw: Javelin           |    25 |    18 |    16 |     5 ||    64
       Stone             |       |    14 |     9 |       ||    23
Invok: Berserk           |     1 |     1 |     4 |     3 ||     9
       Trog's Hand       |       |     1 |     5 |     6 ||    12
Evoke: Deck              |       |       |       |     1 ||     1
  Use: Potion            |     1 |     3 |     2 |     4 ||    10
       Scroll            |       |     7 |     7 |    10 ||    24
 Stab: Sleeping          |       |       |       |     3 ||     3
  Eat: Chunk             |     1 |     7 |    10 |    19 ||    37
       Bread ration      |       |       |     2 |     3 ||     5
       Pizza             |       |       |     1 |       ||     1
       Fruit             |       |       |       |     2 ||     2
Armor: Animal skin       |    20 |    33 |    56 |    38 ||   147
       Robe              |       |       |       |    15 ||    15
Dodge: Dodged            |    57 |    48 |   184 |   114 ||   403
